 Dungeon Crawl Stone Soup version 0.27-a0-1532-gca18f49f40 (webtiles) character file.

Game seed: 5363497060116608371

4618 karkarkar the Cleaver (level 10, -7/88 HPs)
             Began as a Hill Orc Fighter on July 12, 2021.
             Was an Initiate of Ashenzari.
             Mangled by a two-headed ogre (13 damage)
             ... on level 9 of the Dungeon.
             The game lasted 00:19:57 (9913 turns).

karkarkar the Cleaver (Hill Orc Fighter)            Turns: 9913, Time: 00:19:58

Health: -7/88      AC: 17    Str: 23    XL:     10   Next: 42%
Magic:  10/10      EV:  6    Int:  8    God:    Ashenzari [......]
Gold:   352        SH: 11    Dex: 10    Spells: 9/9 levels left

rFire    . . .     SeeInvis .   a - +1 war axe
rCold    . . .     Faith    .   c - +0 kite shield
rNeg     . . .     Spirit   .   H - +0 plate armour
rPois    +         Reflect  .   p - +0 helmet
rElec    .         Harm     .   h - +0 cloak
rCorr    .         Rampage  .   g - +0 pair of gloves
Will     .....                  k - +0 pair of boots
Stlth    ..........             (no amulet)
HPRegen  0.24/turn              i - ring of poison resistance
MPRegen  0.12/turn              l - ring of the Sky {Slay+4, Alch, Melee} (curse)

@: no status effects
A: no striking features
a: Renounce Religion, Curse Item, Shatter the Chains


You were on level 9 of the Dungeon.
You worshipped Ashenzari.
Ashenzari was noncommittal.
You visited 2 branches of the dungeon, and saw 9 of its levels.

You collected 352 gold pieces.

Inventory:

Hand Weapons
 a - a +1 war axe (weapon)
Missiles
 s - 15 poisoned darts (quivered)
 y - 4 atropa-tipped darts
 J - 7 curare-tipped darts
Armour
 c - a +0 kite shield (worn)
 g - a +0 pair of gloves (worn)
 h - a +0 cloak (worn)
 k - a +0 pair of boots (worn)
 p - a +0 helmet (worn)
 v - +0 steam dragon scales
 C - the +1 leather armour of Cygiq {rCorr Stlth+}
   (You found it on level 4 of the Dungeon)

   rCorr:     It protects you from acid and corrosion.
   Stlth:     It makes you more stealthy.
 H - a +0 plate armour (worn)
Jewellery
 i - a ring of poison resistance (left hand)
 l - the cursed ring of the Sky (right hand) {Slay+4, Alch, Melee}
   (You found it on level 3 of the Dungeon)

   [ring of slaying]

   Slay:      It affects your accuracy & damage with ranged weapons and melee
   (+4).
   It has a curse which improves the following skills: Alchemy: Poison Magic and
   Transmutations.
   Melee Combat: Short Blades, Long Blades, Axes, Maces & Flails, Polearms,
   Staves and Unarmed Combat.
 t - a ring of protection from cold
 A - a ring of see invisible
 E - a +6 ring of strength
 F - a +4 ring of protection
Wands
 b - a wand of mindburst (10)
 n - a wand of acid (10)
 B - a wand of flame (11)
 G - a wand of polymorph (13)
 I - a wand of digging (7)
 K - a wand of iceblast (7)
Scrolls
 j - a scroll of fear
 m - 2 scrolls of enchant weapon
 o - a scroll of magic mapping
 q - a scroll of enchant armour
 r - 4 scrolls of immolation
 z - a scroll of teleportation
 D - 2 scrolls of amnesia
Potions
 d - 2 potions of might
 e - 2 potions of flight
 f - a potion of attraction
 w - a potion of heal wounds
 x - a potion of invisibility


   Skills:
 + Level 7.7 Fighting
 + Level 11.6(12.1) Axes
 + Level 1.4 Throwing
 + Level 6.0 Armour
 + Level 3.9 Dodging
 + Level 2.3 Stealth
 + Level 8.8 Shields


You had 9 spell levels left.
You didn't know any spells.
Your spell library contained the following spells:

 Spells                   Type           Power      Damage    Failure   Level
 Animate Skeleton         Necr           0%         N/A       100%        1
 Apportation              Tloc           0%         N/A       100%        1
 Corona                   Hex            0%         N/A       100%        1
 Summon Small Mammal      Summ           0%         N/A       100%        1
 Leda's Liquefaction      Hex/Erth       0%         N/A       100%        4
 Bolt of Magma            Conj/Fire/Erth 0%         4d4       100%        5
 Statue Form              Tmut/Erth      0%         N/A       100%        6


Dungeon Overview and Level Annotations

Branches:
Dungeon (9/15)             Temple (1/1) D:7            Lair (0/6) D:8
    Orc: D:9-12

Altars:
Ashenzari
Cheibriados
Dithmenos
Fedhas
Kikubaaqudgha
Nemelex Xobeh
Okawaru
Qazlal
Ru
Sif Muna
Trog
Uskayaw
Vehumet
Wu Jian
Zin
The Shining One

Shops:
D:4 =   D:5 (

Annotations:
D:9 3 runed translucent doors, Demosthentine's ghost, journeyman MfGl; Dittersdorf's ghost, novice GrFi; Nausicaa's ghost, novice VSTm; atabob's ghost, journeyman GnDe


Message History

The centaur is almost dead.
You block the centaur's attack. x2
The centaur hits you but does no damage.
You block the centaur's attack.
You slash the centaur!
You kill the centaur!
Your Armour skill increases to level 6!
Things that are here:
a +0 shortbow; 17 arrows You pick up a book of Stone and begin reading...
You add the spells Leda's Liquefaction, Bolt of Magma and Statue Form to your library.
Ashenzari invites you to partake of a vision and a curse of ranged combat and introspection.
A two-headed ogre comes into view. It is wielding two +0 giant clubs.
The two-headed ogre shouts in stereo!
The two-headed ogre hits you with a +0 giant club!!
The two-headed ogre hits you with a +0 giant club!
Found 30 arrows.
Throw: 16 darts (poison)
Press: ? - help, Q - select action, (/) - cycle Shift-Dir - straight line, f - two-headed ogre
Aim: a two-headed ogre, wielding two +0 giant clubs (77% to hit)
You throw a poisoned dart.
The poisoned dart barely misses the two-headed ogre.
The two-headed ogre barely misses you.
The two-headed ogre hits you with a +0 giant club!
You slice the two-headed ogre!!
The two-headed ogre is moderately wounded.
You hit the two-headed ogre.
The two-headed ogre is heavily wounded.
The two-headed ogre hits you with a +0 giant club!
* * * LOW HITPOINT WARNING * * *
You block the two-headed ogre's attack.
You closely miss the two-headed ogre.
The two-headed ogre is heavily wounded.
You block the two-headed ogre's attack.
The two-headed ogre hits you with a +0 giant club!!
* * * LOW HITPOINT WARNING * * *
You hit the two-headed ogre.
The two-headed ogre is heavily wounded.
The two-headed ogre hits you with a +0 giant club!
You die...

######..##..##
#...... #..###..#
##..### .. #..#
##.####.## # ...
#..# #..##.## ....
#..# ##...## #.(#
#.## #...## ...#
#.#####..#..##
#..####......#####.#
#..#O@.####.# #.##
#..##.# # ##.##
#.####.# ##.## #.
#.# ##.. ## ## #.##
##


You could see a two-headed ogre.

Vanquished Creatures
  Joseph (D:8)
  A hornet (D:9)
  A shadow (D:7)
  A wyvern (D:9)
  5 yaks
  2 steam dragons
  An acid dragon (D:8)
  A water moccasin (D:5)
  3 orc warriors
  A necrophage (D:5)
  An ice beast (D:4)
  A black bear (D:5)
  3 centaurs
  A phantom (D:4)
  2 bullfrogs (D:7)
  A water moccasin skeleton (D:5)
  16 killer bees
  2 centaur zombies
  A jelly (D:5)
  2 gnoll shamans
  3 hounds
  An orc priest (D:7)
  Crazy Yiuf (D:4)
  A bullfrog skeleton (D:5)
  An iguana (D:5)
  Ijyb (D:4)
  4 orc wizards
  A killer bee zombie (D:7)
  A hound skeleton (D:4)
  11 gnolls
  9 adders
  A white imp (D:4)
  An ufetubus (D:4)
  4 worms
  3 dart slugs
  22 orcs
  9 endoplasms
  2 giant cockroaches (D:4)
  5 goblins
  7 hobgoblins
  5 quokkas
  7 ball pythons
  A bat (D:1)
  5 frilled lizards
  A jackal skeleton (D:4)
  3 kobolds
  4 rats
161 creatures vanquished.

Vanquished Creatures (others)
  6 fungi (D:4)
  2 withered plants (D:9)
8 creatures vanquished.

Grand Total: 169 creatures vanquished

Notes
Turn   | Place    | Note
-------+----------+-------------------------------------------
     0 | D:1      | karkarkar the Hill Orc Fighter began the quest for the Orb.
     0 | D:1      | Reached XP level 1. HP: 19/19 MP: 1/1
    16 | D:1      | You fall into a shaft and drop 1 floor!
   114 | D:2      | Reached XP level 2. HP: 27/27 MP: 2/2
   536 | D:1      | Reached XP level 3. HP: 33/33 MP: 3/3
   779 | D:1      | Reached skill level 3 in Axes
   846 | D:1      | Found a faded altar of an unknown god.
  1269 | D:2      | Reached XP level 4. HP: 37/40 MP: 4/4
  1800 | D:3      | Reached skill level 4 in Axes
  1809 | D:3      | HP: 1/37 [gnoll (2)]
  1814 | D:3      | Reached XP level 5. HP: 2/46 MP: 5/5
  2530 | D:4      | Noticed an ice beast
  2537 | D:4      | Killed an ice beast
  2538 | D:4      | Reached skill level 5 in Axes
  2538 | D:4      | Reached XP level 6. HP: 54/55 MP: 6/6
  2668 | D:4      | Reached skill level 1 in Dodging
  2843 | D:4      | Identified the +1 leather armour of Cygiq {rCorr Stlth+}
  2924 | D:4      | Found a glowing silver altar of Zin.
  2924 | D:4      | Noticed an angel
  2924 | D:4      | Noticed Ijyb
  2930 | D:4      | Killed Ijyb
  2931 | D:4      | Reached skill level 6 in Axes
  3044 | D:4      | Found Icol's Jewellery Emporium.
  3195 | D:4      | Reached XP level 7. HP: 54/60 MP: 7/7
  3532 | D:4      | Found a runed translucent door.
  3533 | D:4      | Noticed Crazy Yiuf
  3694 | D:4      | Killed Crazy Yiuf
  3695 | D:4      | Reached skill level 5 in Fighting
  3793 | D:5      | Entered Level 5 of the Dungeon
  3793 | D:5      | Found Kakkagul's Antique Weapon Shop.
  3806 | D:5      | Reached skill level 5 in Shields
  3855 | D:5      | Noticed a +3 dagger
  3855 | D:5      | Noticed a +0 hand axe
  3856 | D:5      | Found a hide-covered altar of Uskayaw.
  3908 | D:5      | Reached skill level 7 in Axes
  4156 | D:5      | Reached XP level 8. HP: 68/68 MP: 8/8
  4165 | D:5      | Reached skill level 8 in Axes
  4499 | D:5      | You fall into a shaft and drop 2 floors!
  4499 | D:7      | Found a staircase to the Ecumenical Temple.
  4513 | Temple   | Entered the Ecumenical Temple
  4715 | Temple   | Became a worshipper of Ashenzari the Shackled
  4890 | D:7      | Reached skill level 9 in Axes
  5663 | D:7      | Noticed a shadow
  5690 | D:7      | Killed a shadow
  5691 | D:7      | Reached skill level 5 in Armour
  5691 | D:7      | Reached skill level 1 in Stealth
  5691 | D:7      | Reached XP level 9. HP: 52/75 MP: 9/9
  5985 | D:7      | Reached skill level 10 in Axes
  7021 | D:8      | Found a staircase to the Lair.
  7283 | D:8      | Noticed Joseph
  7305 | D:8      | Killed Joseph
  7306 | D:8      | Reached skill level 11 in Axes
  7571 | D:8      | Reached skill level 1 in Throwing
  8408 | D:9      | Found a runed translucent gate.
  8410 | D:9      | Found a runed translucent gate.
  8412 | D:9      | Noticed atabob's ghost (journeyman GnDe)
  8418 | D:9      | Found a runed translucent gate.
  8464 | D:9      | Noticed Demosthentine's ghost (journeyman MfGl)
  8465 | D:9      | Noticed Dittersdorf's ghost (novice GrFi)
  8466 | D:9      | Noticed Nausicaa's ghost (novice VSTm)
  8482 | D:9      | Noticed a hornet
  8491 | D:9      | Reached XP level 10. HP: 52/86 MP: 10/10
  9471 | D:9      | Found a radiant altar of Vehumet.
  9906 | D:9      | Noticed a two-headed ogre
  9913 | D:9      | Mangled by a two-headed ogre

Illustrated notes

Levels and vault maps discovered:
D:1:      tarquinn_simple_flora_water_e, layout_rooms,
          shapermc_ecumenical_altar_mp_vishouse
D:2:      layout_rooms, ebering_dispersal_statue_hall
D:3:      layout_rooms, tgw_xom, minivault_27
D:4:      layout_loops_corners, zin_angel, serial_aquarium,
          aquarium_bridge_straight [aquarium_subvault_bridge,
          aquarium_subvault_wall, aquarium_subvault_bridge,
          aquarium_subvault_window], aquarium_window_fake, aquarium_window_fake,
          aquarium_view_2g, serial_bayou_pond_b,
          minmay_shop_enchanted_jewellery, uniq_ijyb, uniq_crazy_yiuf_cottage
D:5:      layout_basic, dancing_weapons_uskayaw, serial_shops,
          nicolae_stop_n_shop_2, minivault_23
D:7:      layout_basic, minmay_temple_entry_sparse_star
D:8:      layout_loops_ring, lair_entry_dummy, roderic_lattice_a,
          minmay_misc_feat_room, uniq_joseph
D:9:      layout_layer_cave, nicolae_vehumet_altar_sigil,
          gammafunk_ghost_cemetery
Temple:   nicolae_temple_figure_eight

Skill      XL: |  1  2  3  4  5  6  7  8  9 10 |
---------------+-------------------------------+-----
Fighting       | 4 5 6 7 |  7.7
Axes           | 3 4 5 6 7 9 11 | 11.6
Armour         | 4 5 6 |  6.0
Shields        | 4 5 6 7 8 |  8.8
Dodging        | 1 2 3 |  3.9
Stealth        | 1 2 |  2.3
Throwing       | 1 |  1.4

Action                   |  1- 3 |  4- 6 |  7- 9 | 10-12 || total
-------------------------+-------+-------+-------+-------++-------
Melee: War axe           |    78 |   113 |   277 |    58 ||   526
Throw: Dart              |       |     4 |    10 |     1 ||    15
Invok: Curse Item        |       |       |     1 |       ||     1
  Use: Potion            |     1 |     1 |     4 |     1 ||     7
       Scroll            |     1 |     5 |     1 |     1 ||     8
 Stab: Sleeping          |       |       |     1 |       ||     1
Armor: Scale mail        |    30 |    45 |       |       ||    75
       Leather armour    |       |     3 |    50 |       ||    53
       Steam dragon scal |       |       |    24 |       ||    24
       Plate armour      |       |       |    29 |    55 ||    84
Dodge: Dodged            |    22 |    26 |   128 |    30 ||   206
Block: Kite shield       |    40 |    69 |   180 |    65 ||   354
       Buckler           |     2 |       |       |       ||     2

Table legend: (Time is in decaauts)
 A = Elapsed time spent in this place.
 B = Non-inter-level travel time spent in this place.
 C = Inter-level travel time spent in this place.
 D = Time resting spent in this place.
 E = Time spent auto-exploring this place.
 F = Levels seen in this place.
 G = Mean time per level.
                   A        B        C        D        E       F      G
               +--------+--------+--------+--------+--------+-----+--------+
         Total |  10082 |   9936 |    146 |   2035 |   5813 |   9 | 1120.2 |
       Dungeon |   9868 |   9729 |    139 |   2035 |   5617 |   8 | 1233.5 |
        Temple |    213 |    206 |      7 |      0 |    196 |   1 |  213.0 |
               +--------+--------+--------+--------+--------+-----+--------+

Top non-repeatable levels by time:
     D:7: 2226 daAuts
     D:8: 1919 daAuts
     D:4: 1392 daAuts
     D:9: 1093 daAuts
     D:3: 960 daAuts
     D:1: 858 daAuts
     D:5: 725 daAuts
     D:2: 692 daAuts
  Temple: 213 daAuts
